 Dungeon Crawl Stone Soup version 0.28.0-43-g3370ac3207 (webtiles) character file.

Game seed: 15620907069637734665

3320 Peloso the Carver (level 9, -5/80 HPs)
             Began as a Minotaur Fighter on Mar 1, 2022.
             Was a Priest of Okawaru.
             Shot with a bolt by an orc warrior (6 damage)
             ... in a bailey.
             The game lasted 00:13:03 (8800 turns).

Peloso the Carver (Minotaur Fighter)                Turns: 8800, Time: 00:13:03

Health: -5/80      AC: 15    Str: 24    XL:     9   Next: 71%
Magic:  7/8        EV:  7    Int:  5    God:    Okawaru [***...]
Gold:   287        SH:  5    Dex: 11    Spells: 8/8 levels left

rFire   . . .      SeeInvis .   a - +1 long sword (flame)
rCold   . . .      Faith    .   c - +0 buckler
rNeg    . . .      Spirit   .   i - +0 plate armour
rPois   .          Reflect  .   (helmet restricted)
rElec   .          Harm     .   (no cloak)
rCorr   .          Rampage  .   g - +0 pair of gloves
Will    .....                   (no boots)
Stlth   ..........              (no amulet)
HPRegen 0.23/turn               (no ring)
MPRegen 0.11/turn               (no ring)

@: hasted, very quick
A: horns 2, retaliatory headbutt
a: Renounce Religion, Heroism


You were in a bailey.
You worshipped Okawaru.
Okawaru was most pleased with you.
You visited 1 branch of the dungeon, and saw 8 of its levels.
You also visited: Bailey.

You collected 287 gold pieces.

Inventory:

Hand Weapons
 a - a +1 long sword of flaming (weapon)
Armour
 b - a +0 scale mail
 c - a +0 buckler (worn)
 g - a +0 pair of gloves (worn)
 h - a +0 chain mail
 i - a +0 plate armour (worn)
Jewellery
 r - a ring of protection from cold
Wands
 f - a wand of acid (14)
 t - a wand of digging (4)
Scrolls
 e - 2 scrolls of fog
 j - a scroll of holy word
 k - a scroll of teleportation
 m - a scroll of acquirement {unknown}
 o - a scroll of torment {unknown}
 q - a scroll of brand weapon {unknown}
 s - a scroll of enchant armour {unknown}
 u - a scroll of noise {unknown}
 w - 2 scrolls of summoning {unknown}
Potions
 d - 2 potions of might
 l - a potion of ambrosia {unknown}
 n - a potion of haste
 p - a potion of attraction {unknown}
 v - 2 potions of berserk rage {unknown}


   Skills:
 + Level 7.7 Fighting
 + Level 11.1 Long Blades
 + Level 8.7 Armour
 + Level 3.0 Dodging
 + Level 0.2 Stealth
 + Level 6.5 Shields
 + Level 1.0 Invocations


You had 8 spell levels left.
You didn't know any spells.
Your spell library contained the following spells:

 Spells                   Type           Power      Damage    Failure   Level
 Static Discharge         Conj/Air       0%         N/A       100%        2
 Portal Projectile        Hex/Tloc       0%         N/A       100%        3
 Leda's Liquefaction      Hex/Erth       0%         N/A       100%        4
 Passage of Golubria      Tloc           0%         N/A       100%        4
 Lightning Bolt           Conj/Air       0%         1d11      100%        5
 Yara's Violent Unravell  Hex/Tmut       0%         3d3       100%        5
 Maxwell's Capacitive Co  Air            0%         ∞         100%        8
 Call Canine Familiar     Summ           Unusable   N/A       N/A         3
 Tukima's Dance           Hex            Unusable   N/A       N/A         3

Dungeon Overview and Level Annotations

Branches:
Dungeon (8/15)             Temple (0/1) D:6          Bailey (1/1)
   Lair: D:8-11

Altars:
Gozag
Hepliaklqana
Okawaru
Xom

Shops:
D:3 [


Innate Abilities, Weirdness & Mutations

You have a pair of horns on your head.
You reflexively headbutt those who attack you in melee.


Message History

The orc warrior shoots a bolt.
The bolt hits you!
The orc shoots a bolt.
The bolt hits you.
The orc warrior shoots a bolt.
You block the bolt.
The orc warrior shoots a bolt.
The bolt hits you!!
* * * LOW HITPOINT WARNING * * *
The orc warrior shoots a bolt.
The bolt hits you!
* * * LOW HITPOINT WARNING * * *
The orc shoots a bolt.
The bolt closely misses you.
The orc warrior shoots a bolt.
The bolt closely misses you.
The orc warrior unwields a +0 arbalest.
The orc warrior misses you.
The orc unwields a +0 arbalest.
You block the orc's attack.
You feel yourself speed up.
The orc warrior shoots a bolt.
The bolt closely misses you.
The orc warrior hits you but does no damage.
The orc jeers loudly, as Orcs often do.
The orc barely misses you.
You feel better.
The orc warrior shoots a bolt.
You block the bolt.
The orc warrior hits you but does no damage.
You block the orc's attack.
You slash the orc warrior! You burn the orc warrior!
The orc warrior is severely wounded.
You hit the orc warrior. You burn the orc warrior.
You kill the orc warrior!
Okawaru accepts your kill.
The orc warrior shoots a bolt.
The bolt hits you!
* * * LOW HITPOINT WARNING * * *
You block the orc's attack.
You closely miss the orc. You headbutt the orc.
The orc is moderately wounded.
You hit the orc but do no damage.
The orc is moderately wounded.
The orc warrior shoots a bolt.
You block the bolt.
You hit the orc. You burn the orc. You headbutt the orc.
You kill the orc!
Okawaru accepts your kill.
You feel like a meek peon again.
The orc warrior shoots a bolt.
The bolt hits you!
* * * LOW HITPOINT WARNING * * *
The orc warrior shoots a bolt.
The bolt hits you.
You die...

..# .# #........... ..# .+
#........... ..##.##
##........... ..##..#
#............ ......#
##............ ......#
##............. ≈≈....#
##..o≈≈≈.≈≈......#
#≈....#######....≈##.#≈≈.....#
#≈).............@≈#∩.##≈.....#
.))..............)....#≈.....#
#≈...............≈##.##≈.....#
≈≈.............).≈≈###≈≈.....#
≈.................≈≈≈≈≈......#
.............................#
.............................#
.............................#
............................∩#


You could see an orc warrior.

Vanquished Creatures
  A water moccasin (D:6)
  8 orc warriors
  2 sky beasts
  A black bear (D:4)
  2 ice beasts
  A necrophage (D:5)
  3 ogres
  2 centaurs
  A phantom (D:4)
  4 kobold brigands
  A wyvern skeleton (D:6)
  2 water moccasin zombies
  A water moccasin skeleton (D:5)
  3 wights (D:8)
  A howler monkey (D:5)
  A bullfrog zombie (D:6)
  A centaur zombie (D:7)
  A centaur skeleton (D:6)
  2 orc priests (D:7)
  2 hounds
  A bullfrog skeleton (D:6)
  5 orc wizards
  3 iguanas
  A killer bee zombie (D:7)
  Robin (D:2)
  8 gnolls
  7 adders
  A white imp (D:3)
  An ufetubus (D:4)
  An adder skeleton (D:4)
  A worm (D:3)
  A dart slug (D:3)
  33 orcs
  9 ball pythons
  9 bats
  8 endoplasms
  5 giant cockroaches
  22 goblins
  11 hobgoblins
  8 jackals
  3 quokkas
  2 frilled lizards
  19 kobolds
  5 rats
205 creatures vanquished.

Vanquished Creatures (others)
  3 fungi (D:1)
  A plant (D:1)
4 creatures vanquished.

Grand Total: 209 creatures vanquished

Notes
Turn   | Place    | Note
-------+----------+-------------------------------------------
     0 | D:1      | Peloso the Minotaur Fighter began the quest for the Orb.
     0 | D:1      | Reached XP level 1. HP: 19/19 MP: 0/0
   119 | D:1      | Reached XP level 2. HP: 18/27 MP: 1/1
   594 | D:1      | Found a faded altar of an unknown god.
  1107 | D:2      | Reached XP level 3. HP: 28/33 MP: 2/2
  1264 | D:2      | Reached skill level 3 in Long Blades
  1420 | D:2      | Noticed Robin
  1437 | D:2      | Reached XP level 4. HP: 32/41 MP: 3/3
  1456 | D:2      | Killed Robin
  2076 | D:3      | Found an opulent altar of Gozag.
  2105 | D:3      | Found an iron altar of Okawaru.
  2133 | D:3      | Became a worshipper of Warmaster Okawaru
  2356 | D:3      | Reached skill level 5 in Armour
  2403 | D:3      | Reached XP level 5. HP: 44/47 MP: 4/4
  2420 | D:3      | Reached skill level 4 in Long Blades
  2767 | D:3      | Found Gooczuva's Armour Boutique.
  2871 | D:3      | Found a shimmering altar of Xom.
  3031 | D:4      | Noticed a black bear
  3043 | D:4      | Killed a black bear
  3044 | D:4      | Reached skill level 1 in Dodging
  3219 | D:4      | Reached XP level 6. HP: 55/55 MP: 5/5
  3442 | D:4      | Reached skill level 5 in Long Blades
  3442 | D:4      | Reached skill level 5 in Shields
  3476 | D:4      | Reached skill level 5 in Fighting
  3963 | D:5      | Entered Level 5 of the Dungeon
  3994 | D:5      | Reached XP level 7. HP: 61/61 MP: 6/6
  4057 | D:5      | Reached * piety under Okawaru
  4058 | D:5      | Reached skill level 6 in Long Blades
  4312 | D:5      | Reached skill level 7 in Long Blades
  4744 | D:6      | Reached XP level 8. HP: 23/69 MP: 7/7
  4851 | D:6      | Reached skill level 8 in Long Blades
  5091 | D:6      | Found a staircase to the Ecumenical Temple.
  5299 | D:6      | Reached skill level 1 in Invocations
  5425 | D:6      | Reached ** piety under Okawaru
  5430 | D:6      | Reached skill level 9 in Long Blades
  6032 | D:6      | Reached XP level 9. HP: 69/79 MP: 8/8
  6380 | D:7      | Reached skill level 10 in Long Blades
  7003 | D:7      | Reached *** piety under Okawaru
  7180 | D:7      | Found a hazy altar of Hepliaklqana.
  7610 | D:8      | Found a flagged portal.
  7820 | Bailey   | Entered a bailey
  8463 | Bailey   | Reached skill level 11 in Long Blades
  8799 | Bailey   | HP: 1/80 [orc warrior/bolt (10)]
  8800 | Bailey   | Shot with a bolt by an orc warrior

Illustrated notes

Levels and vault maps discovered:
D:1:      minmay_arrival_nine_rooms, layout_basic,
          shapermc_ecumenical_altar_hornbeckon, hangedman_decor_diamond_cutter
D:2:      layout_basic, serial_forest, infiniplex_forest_lined_room_,
          infiniplex_forest_end_2, infiniplex_forest_straight_2,
          infiniplex_forest_lined_ring, infiniplex_forest_end_1, uniq_robin
D:3:      minmay_inner_zag, layout_loops_cross, grunt_gozag_breadcrumbs,
          xom_teletrap_fun, mainiacjoe_overflow_six_doors_small, serial_shops,
          shop_statue, kennysheep_potato
D:4:      layout_basic
D:5:      layout_loops_ring, minivault_11, amcnicky_mini_pool_small
D:6:      layout_gridville, minmay_temple_entry_sparse_star
D:7:      layout_loops_cross, kennysheep_mini_moat,
          hangedman_abyss_or_decor_stagger
D:8:      layout_basic, mainiacjoe_overflow_divided_tiny,
          lemuel_coloured_pillars_altar, mainiacjoe_overflow_24_doors,
          enter_bailey_5
Bailey:   bailey_polearm_2, bailey

Skill      XL: |  1  2  3  4  5  6  7  8  9 |
---------------+----------------------------+-----
Armour         | 4 5 6 7 8 |  8.7
Fighting       | 4 5 7 |  7.7
Shields        | 4 5 6 |  6.5
Long Blades    | 3 4 5 7 9 11 | 11.1
Dodging        | 1 2 3 |  3.0
Invocations    | 1 |  1.0
Stealth        | |  0.2

Action                   |  1- 3 |  4- 6 |  7- 9 || total
-------------------------+-------+-------+-------++-------
Melee: Long sword        |    88 |   178 |   280 ||   546
       Headbutt          |    15 |    23 |    54 ||    92
Invok: Heroism           |       |       |     2 ||     2
  Use: Scroll            |       |     3 |     3 ||     6
       Potion            |       |       |     4 ||     4
Armor: Scale mail        |    10 |       |       ||    10
       Chain mail        |    43 |   115 |    65 ||   223
       Plate armour      |       |       |   108 ||   108
Dodge: Dodged            |    36 |    73 |   135 ||   244
Block: Buckler           |    16 |    50 |    85 ||   151
